| TOP OF THE 1ST |
|
Boston Red Sox batting - Pitching for Toronto Blue Jays : RHP Storm Davis
|
|
Pitching: RHP Storm Davis
|
|
|
Batting: LHB Claudell Washington
|
0-0: Swinging Strike 0-1: Ball 1-1: Swinging Strike 1-2: Ball 2-2: Foul Ball, location: 2F 2-2: Ground out 4-3 (Groundball, 4S, EV 85.6 MPH)
|
|
Batting: LHB Willie Aikens
|
0-0: Foul Ball, location: 2F 0-1: SINGLE (Groundball, 4D, EV 105.0 MPH)
|
|
Batting: RHB Jeff Burroughs
|
0-0: Ball 1-0: Ball 2-0: Called Strike 2-1: Ball 3-1: Fly out, F8 (Flyball, 89M, EV 74.4 MPH)
|
|
Batting: LHB George Brett
|
0-0: Foul Ball, location: 2F 0-1: Ball 1-1: Called Strike 1-2: Foul Ball, location: 2F 1-2: Foul Ball, location: 2F 1-2: Ball 2-2: Strikes out swinging
|
| Top of the 1st over - 0 runs, 1 hit, 0 errors, 1 left on base; Boston 0 - Toronto 0 |
| BOTTOM OF THE 1ST |
|
Toronto Blue Jays batting - Pitching for Boston Red Sox : RHP Tom M Carroll
|
|
Pitching: RHP Tom M Carroll
|
|
|
Batting: SHB Harold Reynolds
|
0-0: Fly out, F4 (Line Drive, 4, EV 72.5 MPH)
|
|
Batting: RHB Jose Gonzalez
|
0-0: Called Strike 0-1: Fly out, F8 (Line Drive, 8RD, EV 96.9 MPH)
|
|
Batting: LHB Sheldon Mallory
|
0-0: Called Strike 0-1: Called Strike 0-2: DOUBLE (Line Drive, 7LS, EV 106.3 MPH)
|
|
Batting: RHB Hubie Brooks
|
0-0: Foul Ball, location: 2F 0-1: Ball 1-1: Ball 2-1: Foul Ball, location: 2F 2-2: Strikes out swinging
|
| Bottom of the 1st over - 0 runs, 1 hit, 0 errors, 1 left on base; Boston 0 - Toronto 0 |
| TOP OF THE 2ND |
|
Boston Red Sox batting - Pitching for Toronto Blue Jays : RHP Storm Davis
|
|
Batting: SHB Reggie Smith
|
0-0: SINGLE (Groundball, 56D, EV 98.1 MPH)
|
|
Batting: SHB Scotti Madison
|
0-0: Called Strike 0-1: Grounds into double play, 6-4-3 (Groundball, 6, EV 102.5 MPH)
|
|
Batting: LHB Daryl Sconiers
|
0-0: Ball 1-0: Called Strike 1-1: Ground out 5-3 (Groundball, 56, EV 108.1 MPH)
|
| Top of the 2nd over - 0 runs, 1 hit, 0 errors, 0 left on base; Boston 0 - Toronto 0 |
| BOTTOM OF THE 2ND |
|
Toronto Blue Jays batting - Pitching for Boston Red Sox : RHP Tom M Carroll
|
|
Batting: RHB Andres Galarraga
|
0-0: Called Strike 0-1: Ball 1-1: Ball 2-1: Ball 3-1: Called Strike 3-2: Strikes out swinging
|
|
Batting: RHB Cal Ripken
|
0-0: Called Strike 0-1: Swinging Strike 0-2: Ball 1-2: Fly out, F9 (Flyball, 89M, EV 93.8 MPH)
|
|
Batting: LHB Milt Thompson
|
0-0: Fly out, F6 (Flyball, 56D, EV 91.9 MPH)
|
| Bottom of the 2nd over - 0 runs, 0 hits, 0 errors, 0 left on base; Boston 0 - Toronto 0 |
| TOP OF THE 3RD |
|
Boston Red Sox batting - Pitching for Toronto Blue Jays : RHP Storm Davis
|
|
Batting: RHB Kevin Klettke
|
0-0: Ball 1-0: Foul Ball, location: 2F 1-1: Ball 2-1: Foul Ball, location: 2F 2-2: Foul Ball, location: 2F 2-2: Reached on error, E4 (Groundball, 4M, EV 102.5 MPH)
|
|
Batting: SHB Nelson Norman
|
0-0: Ball 1-0: Called Strike 1-1: Ball 2-1: Fielders Choice at 2nd, 4-6 (Groundball, 34, EV 90.0 MPH)
|
|
Batting: LHB Claudell Washington
|
0-0: Ball 1-0: Ball 2-0: Called Strike 2-1: SINGLE (Groundball, 6S, EV 60.6 MPH) (infield hit) Nelson Norman to second
|
|
Batting: LHB Willie Aikens
|
0-0: Ball 1-0: Foul Ball, location: 2F 1-1: Ball 2-1: Ground out 3-1 (Groundball, 34S, EV 87.5 MPH) Nelson Norman to third Claudell Washington to second
|
|
Batting: RHB Jeff Burroughs
|
0-0: Ball 1-0: Called Strike 1-1: 3-RUN HOME RUN (Flyball, 78XD, EV 111.3 MPH), Distance : 396 ft
|
|
Batting: LHB George Brett
|
0-0: Ball 1-0: SINGLE (Flyball, 4D, EV 95.6 MPH)
|
|
Batting: SHB Reggie Smith
|
0-0: Swinging Strike 0-1: Foul Ball, location: 2F 0-2: Ball 1-2: Foul Ball, location: 2F 1-2: Ball 2-2: Strikes out swinging
|
| Top of the 3rd over - 3 runs, 3 hits, 1 error, 1 left on base; Boston 3 - Toronto 0 |
| BOTTOM OF THE 3RD |
|
Toronto Blue Jays batting - Pitching for Boston Red Sox : RHP Tom M Carroll
|
|
Batting: RHB Juan Monasterio
|
0-0: Called Strike 0-1: Ball 1-1: Fly out, F6 (Flyball, 6MD, EV 83.8 MPH)
|
|
Batting: RHB Fritzie Connally
|
0-0: Ball 1-0: Ball 2-0: Swinging Strike 2-1: Called Strike 2-2: Strikes out swinging
|
|
Batting: SHB Harold Reynolds
|
0-0: Called Strike 0-1: SINGLE (Line Drive, 8LS, EV 97.5 MPH)
|
|
Batting: RHB Jose Gonzalez
|
0-0: Ball 1-0: Ball 2-0: Called Strike 2-1: Ball 3-1: Ground out 4-3 (Groundball, 34, EV 84.4 MPH)
|
| Bottom of the 3rd over - 0 runs, 1 hit, 0 errors, 1 left on base; Boston 3 - Toronto 0 |
| TOP OF THE 4TH |
|
Boston Red Sox batting - Pitching for Toronto Blue Jays : RHP Storm Davis
|
|
Batting: SHB Scotti Madison
|
0-0: Ball 1-0: Foul Ball, location: 2F 1-1: Ball 2-1: Foul Ball, location: 2F 2-2: Ground out 4-3 (Groundball, 4S, EV 89.4 MPH)
|
|
Batting: LHB Daryl Sconiers
|
0-0: Ball 1-0: Ground out U3 (Groundball, 34, EV 101.9 MPH)
|
|
Batting: RHB Kevin Klettke
|
0-0: Swinging Strike 0-1: Called Strike 0-2: Ball 1-2: Foul Ball, location: 2F 1-2: Fly out, F7 (Flyball, 78XD, EV 93.8 MPH)
|
| Top of the 4th over - 0 runs, 0 hits, 0 errors, 0 left on base; Boston 3 - Toronto 0 |
| BOTTOM OF THE 4TH |
|
Toronto Blue Jays batting - Pitching for Boston Red Sox : RHP Tom M Carroll
|
|
Batting: LHB Sheldon Mallory
|
0-0: Ball 1-0: Ball 2-0: Foul Ball, location: 2F 2-1: Foul Ball, location: 2F 2-2: Strikes out swinging
|
|
Batting: RHB Hubie Brooks
|
0-0: Swinging Strike 0-1: Foul Ball, location: 2F 0-2: Ball 1-2: Foul Ball, location: 2F 1-2: Strikes out swinging
|
|
Batting: RHB Andres Galarraga
|
0-0: Ball 1-0: Called Strike 1-1: Ball 2-1: Foul Ball, location: 2F 2-2: Fly out, F7 (Flyball, 78S, EV 84.4 MPH)
|
| Bottom of the 4th over - 0 runs, 0 hits, 0 errors, 0 left on base; Boston 3 - Toronto 0 |
| TOP OF THE 5TH |
|
Boston Red Sox batting - Pitching for Toronto Blue Jays : RHP Storm Davis
|
|
Batting: SHB Nelson Norman
|
0-0: Fly out, F8 (Flyball, 8RM, EV 94.4 MPH)
|
|
Batting: LHB Claudell Washington
|
0-0: Ball 1-0: Swinging Strike 1-1: Swinging Strike 1-2: Ball 2-2: Foul Ball, location: 2F 2-2: Strikes out looking
|
|
Batting: LHB Willie Aikens
|
0-0: Called Strike 0-1: Called Strike 0-2: Ball 1-2: Ball 2-2: Foul Ball, location: 2F 2-2: Ball 3-2: Foul Ball, location: 2F 3-2: Strikes out swinging
|
| Top of the 5th over - 0 runs, 0 hits, 0 errors, 0 left on base; Boston 3 - Toronto 0 |
| BOTTOM OF THE 5TH |
|
Toronto Blue Jays batting - Pitching for Boston Red Sox : RHP Tom M Carroll
|
|
Batting: RHB Cal Ripken
|
0-0: Called Strike 0-1: Ball 1-1: Ground out 6-3 (Groundball, 56, EV 80.6 MPH)
|
|
Batting: LHB Milt Thompson
|
0-0: Ball 1-0: Ball 2-0: Ball 3-0: Called Strike 3-1: Foul Ball, location: 2F 3-2: Strikes out looking
|
|
Batting: RHB Juan Monasterio
|
0-0: Hit by Pitch
|
|
Batting: RHB Fritzie Connally
|
0-0: Fly out, F7 (Flyball, 7LM, EV 96.3 MPH)
|
| Bottom of the 5th over - 0 runs, 0 hits, 0 errors, 1 left on base; Boston 3 - Toronto 0 |
| TOP OF THE 6TH |
|
Boston Red Sox batting - Pitching for Toronto Blue Jays : RHP Storm Davis
|
|
Batting: RHB Jeff Burroughs
|
0-0: Called Strike 0-1: Swinging Strike 0-2: Strikes out swinging
|
|
Batting: LHB George Brett
|
0-0: Called Strike 0-1: Foul Ball, location: 2F 0-2: Ball 1-2: Strikes out swinging
|
|
Batting: SHB Reggie Smith
|
0-0: Ground out 3-1 (Groundball, 3D, EV 89.4 MPH)
|
| Top of the 6th over - 0 runs, 0 hits, 0 errors, 0 left on base; Boston 3 - Toronto 0 |
| BOTTOM OF THE 6TH |
|
Toronto Blue Jays batting - Pitching for Boston Red Sox : RHP Tom M Carroll
|
|
Batting: SHB Harold Reynolds
|
0-0: Ball 1-0: Ground out U3 (Groundball, 3, EV 111.3 MPH)
|
|
Batting: RHB Jose Gonzalez
|
0-0: Ball 1-0: Fly out, F5 (Popup, 25F, EV 85.0 MPH)
|
|
Batting: LHB Sheldon Mallory
|
0-0: Called Strike 0-1: Ground out 6-3 (Groundball, 6S, EV 70.6 MPH)
|
| Bottom of the 6th over - 0 runs, 0 hits, 0 errors, 0 left on base; Boston 3 - Toronto 0 |
| TOP OF THE 7TH |
|
Boston Red Sox batting - Pitching for Toronto Blue Jays : RHP Storm Davis
|
|
Batting: SHB Scotti Madison
|
0-0: SINGLE (Groundball, 6MS, EV 72.5 MPH) (infield hit)
|
|
Batting: LHB Daryl Sconiers
|
0-0: Ground out 4-3 (Groundball, 34D, EV 75.6 MPH) Scotti Madison to second
|
|
Batting: RHB Kevin Klettke
|
0-0: Intentional Walk
|
|
Batting: SHB Nelson Norman
|
0-0: Called Strike 0-1: Fielders Choice at 2nd, 4-6 (Groundball, 4, EV 103.8 MPH) Scotti Madison to third
|
|
Batting: LHB Claudell Washington
|
0-0: Ground out 4-3 (Groundball, 4, EV 108.1 MPH)
|
| Top of the 7th over - 0 runs, 1 hit, 0 errors, 2 left on base; Boston 3 - Toronto 0 |
| BOTTOM OF THE 7TH |
|
Toronto Blue Jays batting - Pitching for Boston Red Sox : RHP Tom M Carroll
|
|
Batting: RHB Hubie Brooks
|
0-0: Ball 1-0: Ground out 6-3 (Groundball, 6, EV 105.6 MPH)
|
|
Batting: RHB Andres Galarraga
|
0-0: Foul Ball, location: 2F 0-1: Foul Ball, location: 2F 0-2: Ball 1-2: Foul Ball, location: 2F 1-2: Ball 2-2: Ball 3-2: Strikes out swinging
|
|
Batting: RHB Cal Ripken
|
0-0: Fly out, F8 (Flyball, 89XD, EV 90.0 MPH)
|
| Bottom of the 7th over - 0 runs, 0 hits, 0 errors, 0 left on base; Boston 3 - Toronto 0 |
| TOP OF THE 8TH |
|
Boston Red Sox batting - Pitching for Toronto Blue Jays : RHP Storm Davis
|
|
Batting: LHB Willie Aikens
|
0-0: Ground out 6-3 (Groundball, 4M, EV 98.1 MPH)
|
|
Batting: RHB Jeff Burroughs
|
0-0: Foul Ball, location: 2F 0-1: Ball 1-1: Called Strike 1-2: Foul Ball, location: 2F 1-2: Ball 2-2: Fly out, F4 (Popup, 4S, EV 83.1 MPH)
|
|
Batting: LHB George Brett
|
0-0: SINGLE (Groundball, P, EV 77.5 MPH) (infield hit)
|
|
Batting: SHB Reggie Smith
|
0-0: Foul Ball, location: 2F 0-1: Ball 1-1: Foul Ball, location: 2F 1-2: Foul Ball, location: 2F 1-2: Fly out, F8 (Flyball, 89M, EV 91.9 MPH)
|
| Top of the 8th over - 0 runs, 1 hit, 0 errors, 1 left on base; Boston 3 - Toronto 0 |
| BOTTOM OF THE 8TH |
|
Toronto Blue Jays batting - Pitching for Boston Red Sox : RHP Tom M Carroll
|
|
Batting: LHB Milt Thompson
|
0-0: Ball 1-0: Ground out 4-3 (Groundball, 34, EV 103.8 MPH)
|
|
Batting: RHB Juan Monasterio
|
0-0: Fly out, F4 (Flyball, 34D, EV 98.8 MPH)
|
|
Batting: RHB Fritzie Connally
|
0-0: Ball 1-0: Called Strike 1-1: Ball 2-1: Foul Ball, location: 2F 2-2: Strikes out looking
|
| Bottom of the 8th over - 0 runs, 0 hits, 0 errors, 0 left on base; Boston 3 - Toronto 0 |
| TOP OF THE 9TH |
|
Boston Red Sox batting - Pitching for Toronto Blue Jays : RHP Storm Davis
|
|
Batting: SHB Scotti Madison
|
0-0: Swinging Strike 0-1: Fly out, F5 (Popup, 56S, EV 86.9 MPH)
|
|
Batting: LHB Daryl Sconiers
|
0-0: Ball 1-0: Ball 2-0: Ground out 5-3 (Groundball, 56, EV 104.4 MPH)
|
|
Batting: RHB Kevin Klettke
|
0-0: Ball 1-0: Single, Error in OF, E9, batter to second base (Line Drive, 89S, EV 89.4 MPH)
|
|
Batting: SHB Nelson Norman
|
0-0: Ball 1-0: Ball 2-0: Ball 3-0: Base on Balls
|
|
Batting: LHB Claudell Washington
|
0-0: Called Strike 0-1: Foul Ball, location: 2F 0-2: DOUBLE (Groundball, 3L, EV 101.9 MPH) Kevin Klettke scores Nelson Norman to third Runner from 3rd tries for Home, SAFE, throw by RF to trailing runner, SAFE at third!
|
|
Pitching: RHP Armando Guzman
|
|
|
Batting: LHB Willie Aikens
|
0-0: Ball 1-0: Ball 2-0: Called Strike 2-1: Called Strike 2-2: Strikes out looking
|
| Top of the 9th over - 2 runs, 2 hits, 1 error, 1 left on base; Boston 5 - Toronto 0 |
| BOTTOM OF THE 9TH |
|
Toronto Blue Jays batting - Pitching for Boston Red Sox : RHP Tom M Carroll
|
|
Batting: SHB Harold Reynolds
|
0-0: DOUBLE (Flyball, 8RXD, EV 92.5 MPH)
|
|
Batting: RHB Jose Gonzalez
|
0-0: Called Strike 0-1: Swinging Strike 0-2: Ball 1-2: Ball 2-2: Strikes out swinging
|
|
Batting: LHB Sheldon Mallory
|
0-0: Called Strike 0-1: Ball 1-1: Ground out 4-3 (Groundball, 4, EV 88.8 MPH) Harold Reynolds to third
|
|
Batting: RHB Hubie Brooks
|
0-0: Foul Ball, location: 2F 0-1: Called Strike 0-2: Strikes out swinging
|
| Bottom of the 9th over - 0 runs, 1 hit, 0 errors, 1 left on base; Boston 5 - Toronto 0 |
|